 Dungeon Sprint DCSS version 0.29-a0-362-g5854e031c7 (webtiles) character file.

Game seed: 15720123379561517282

29 Zeldest the Magician (level 3, 0/29 HPs)
             Began as a Djinni Conjurer on Apr 29, 2022.
             Was an Initiate of Makhleb.
             Shot with a bolt by a vault warden (29 damage)
             ... in the Dungeon (Sprint V: "Ziggurat Sprint").
             The game lasted 00:01:26 (82 turns).

Zeldest the Magician (Djinni Conjurer)                Turns: 82, Time: 00:01:27

Health: 0/29       AC: 14    Str: 18    XL:     3   Next: 32%
Gold:   0          EV:  9    Int: 27    God:    Makhleb [......] SH:  0 Dex: 11

rFire   + . .      SeeInvis .   z - +6 Majin-Bo {vamp, MP+6 Int+6}
rCold   + . .      Faith    .   (shield currently unavailable)
rNeg    . . .      Spirit   .   C - +5 ice dragon scales
rPois   ∞          Reflect  .   (no helmet)
rElec   .          Harm     .   (no cloak)
rCorr   .          Rampage  .   (no gloves)
Will    .....      NoTele   +   (boots unavailable)
Stlth   ..........              (no amulet)
HPRegen 0.09/turn               w - +6 ring of strength
MPRegen 0.00/turn               x - +6 ring of strength

@: marked, flying
A: sickness immunity, fire resistance 2, cold vulnerability 1, float, innate
caster, HP casting, extra vitality 1
a: Renounce Religion


You were in the Dungeon.
You worshipped Makhleb.
Makhleb was noncommittal.
You visited 1 branch

Inventory:

Hand Weapons
 z - the +6 Majin-Bo (weapon) {vamp, MP+6 Int+6}
   (You found it in the Dungeon)

   It heals its wielder for a portion of the damage dealt when they wound a
   living foe with it or with a spell.
   Its wielder's spells cost health as well as magical power.
   Int:       It affects your intelligence (+6).
   MP:        It affects your magic capacity (+6).
 A - the +7 Singing Sword {vorpal, sonic wave}
   (You found it in the Dungeon)

   It inflicts extra damage upon your enemies.
   It radiates damaging sonic waves as it strikes, especially in combat
   involving dangerous or numerous foes.
 B - the +8 lance "Wyrmbane" {slay drac, rPois rF+ rC+ AC+3}
   (You found it in the Dungeon)

   It inflicts extra damage against dragons and draconians.
   AC:        It affects your AC (+3).
   rF:        It protects you from fire.
   rC:        It protects you from cold.
   rPois:     It protects you from poison.
 D - the +8 scimitar "Vedd" {protect, Str+6 Dex-3}
   (You found it in the Dungeon)

   It grants its wielder temporary protection when it strikes (+7 to AC).
   Str:       It affects your strength (+6).
   Dex:       It affects your dexterity (-3).
Armour
 a - a +0 robe
 C - +5 ice dragon scales (worn)
Jewellery
 s - a +6 ring of dexterity
 t - a +6 ring of dexterity
 u - a +6 ring of intelligence
 v - a +6 ring of intelligence
 w - a +6 ring of strength (left hand)
 x - a +6 ring of strength (right hand)
Wands
 p - a wand of mindburst (7)
 q - a wand of iceblast (6)
 r - a wand of acid (7)
Scrolls
 f - 4 scrolls of blinking
 l - 7 scrolls of fog
 m - a scroll of holy word
 n - 5 scrolls of identify
 o - 2 scrolls of fear
Potions
 b - 10 potions of curing
 c - 9 potions of heal wounds
 d - 6 potions of haste
 e - 3 potions of berserk rage
 g - 2 potions of brilliance
 h - 2 potions of invisibility
 i - 4 potions of resistance
 j - a potion of experience
 k - 5 potions of might
Miscellaneous
 y - a lightning rod (4/4)


   Skills:
 + Level 2.3 Fighting
 - Level 2.1 Dodging
 - Level 1.5 Stealth
 * Level 4.3 Spellcasting
 + Level 2.3 Invocations
 + Level 2.3 Evocations


You couldn't memorise any spells.
You knew the following spells:

 Your Spells              Type           Power      Damage    Failure   Level
a - Magic Dart            Conj           100%       1d8       5%          1
b - Searing Ray           Conj           58%        2d6       9%          2
c - Dazzling Flash        Conj/Hex       58%        N/A       17%         3
d - Fulminant Prism       Conj/Hex       14%        3d9       50%         4
e - Iskenderun's Mystic   Conj/Tloc      29%        2d7       50%         4
f - Apportation           Tloc           58%        N/A       5%          1
Your spell library was empty.

Dungeon Overview and Level Annotations

Branches:
Dungeon (1/1)

Altars:
Ashenzari
Cheibriados
Dithmenos
Elyvilon
Fedhas
Gozag
Hepliaklqana
Kikubaaqudgha
Makhleb
Nemelex Xobeh
Okawaru
Qazlal
Ru
Sif Muna
Trog
Uskayaw
Vehumet
Wu Jian
Xom
Yredelemnul
Zin
The Shining One
Beogh
Jiyva
Lugonu

Annotations:
D 1 transporter


Innate Abilities, Weirdness & Mutations

You are immune to sickness and miasma.
You are immune to poison.
Your flesh is very heat resistant. (rF++)
You are vulnerable to cold. (rC-)
You float through the air rather than walking.
You learn spells naturally, not from books.
Your magical power is your life essence.
You have superior vitality. (+4 MHP)


Message History

Makhleb accepts your kill.
The iceblast engulfs the jelly!
You kill the jelly!
Makhleb accepts your kill.
Your Fighting skill gained 2 levels and is now at level 2!
Your Spellcasting skill increases to level 4!
Your Invocations skill gained 2 levels and is now at level 2!
Your Evocations skill gained 2 levels and is now at level 2!
You have reached level 2!
You have reached level 3!
Your experience leads to an increase in your attributes!
Your base attributes are Str 6, Int 19, Dex 11.
Increase (S)trength, (I)ntelligence, or (D)exterity?
You feel clever. x2
The power to cast Apportation wells up from within.
Spell assigned to 'f'.
You see here the +8 scimitar "Vedd" {protect, Str+6 Dex-3}.
You see here the +4 glaive of Thoughtfulness {freeze, Dex+3}.
You see here the +8 scimitar "Vedd" {protect, Str+6 Dex-3}.
D - the +8 scimitar "Vedd" {protect, Str+6 Dex-3}
There is a transporter here.
Welcome to arena 2.
You enter the transporter and appear at another place.
An ironbound frostheart, a vault sentinel and a vault warden come into view.
The vault warden is wielding a +1 halberd of venom.
The ironbound frostheart shouts!
The vault sentinel shouts!
The vault warden shouts!
The vault sentinel blows a loud note on a signal horn!
The vault warden unwields a +1 halberd of venom.
It stops dripping with poison.
The vault warden wields a +0 arbalest.
The vault warden shoots a bolt.
The bolt hits you!!
Ouch! That really hurt!
* * * LOW HITPOINT WARNING * * *
Found three items.
Found a transporter.
You feel much better.
The vault sentinel gestures at you while chanting.
A sentinel's mark forms upon you.
The vault warden shoots a bolt.
The bolt hits you!!
Ouch! That really hurt!
You die...

▓▓▓▓▓▓▓▓▓▓▓▓▓
▓.8©8.▓.8©8.▓
▓.)pp.▓.....▓
▓.....▓...).▓
▓.p...▓.....▓
▓.....▓.....▓
▓.....▓..©..▓
▓..@..▓▓▓▓▓▓▓
▓▓▓▓▓▓▓


You could see a vault warden, an ironbound frostheart and a vault sentinel
(catching breath).

Vanquished Creatures
  A jelly (D)
  An endoplasm (D)
2 creatures vanquished.

Notes
Turn   | Place    | Note
-------+----------+-------------------------------------------
     0 | D        | Zeldest the Djinni Conjurer began the quest for the Orb.
     0 | D        | Reached XP level 1. HP: 15/15 MP: 0/0
     0 | D        | Found a sacrificial altar of Ru.
     0 | D        | Found a bloodstained altar of Trog.
     0 | D        | Found a stormy altar of Qazlal.
     0 | D        | Found an iron altar of Okawaru.
     0 | D        | Found a sparkling altar of Nemelex Xobeh.
     0 | D        | Found a blossoming altar of Fedhas.
     0 | D        | Found the +6 Majin-Bo {vamp, MP+6 Int+6}
     0 | D        | Found the +9 heavy crossbow "Sniper" {vorpal, Acc+∞ SInv}
     0 | D        | Found the +10 dark maul {vorpal}
     0 | D        | Found the +15 Maxwell's patent armour {-Cast -Tele rElec
                  | Will+ rCorr}
     0 | D        | Found the +18 shield of the Gong {rElec rN+ Will+ EV-5}
     0 | D        | Found the +14 obsidian axe {vorpal, Mesm Drain Fly SInv}
     0 | D        | Found the +7 great mace "Firestarter" {inner flame, rF++}
     0 | D        | Found the +6 shillelagh "Devastator" {shatter}
     0 | D        | Found the +11 plutonium sword {Contam Stlth-}
     0 | D        | Found the +8 lance "Wyrmbane" {slay drac, rPois rF+ rC+
                  | AC+3}
     0 | D        | Found the +9 sword of Zonguldrok {reap}
     0 | D        | Found the +13 scythe of Curses {drain, Drain}
     0 | D        | Found the +5 sword of Power {vorpal}
     0 | D        | Found the +7 mace of Variability {chain chaos}
     0 | D        | Found the +7 Singing Sword {vorpal, sonic wave}
     0 | D        | Found the +8 storm bow {elec, penet}
     2 | D        | Found a transporter.
     2 | D        | Found a viscous altar of Jiyva.
     2 | D        | Found a corrupted altar of Lugonu.
     2 | D        | Found a hazy altar of Hepliaklqana.
     2 | D        | Found a burning altar of Makhleb.
     2 | D        | Found an opulent altar of Gozag.
     5 | D        | Banished a spatial maelstrom
    28 | D        | Became a worshipper of Makhleb the Destroyer
    69 | D        | Entered arena 2.
    69 | D        | Noticed a jelly
    69 | D        | Found a transporter.
    70 | D        | Killed a jelly
    71 | D        | Reached skill level 4 in Spellcasting
    71 | D        | Reached XP level 2. HP: 24/24 MP: 0/0
    71 | D        | Reached XP level 3. HP: 29/29 MP: 0/0
    71 | D        | Learned a level 1 spell: Apportation
    78 | D        | Got the +8 scimitar "Vedd" {protect, Str+6 Dex-3}
    81 | D        | Entered arena 3.
    81 | D        | Noticed an ironbound frostheart
    81 | D        | Noticed a vault sentinel
    81 | D        | Noticed a vault warden
    81 | D        | Found a transporter.
    82 | D        | Shot with a bolt by a vault warden

Illustrated notes

Levels and vault maps discovered:
D:        sprint_v [room_start, room_1, room_2, room_3, room_4, room_5, room_6,
          room_7, room_8, room_9, room_10, room_11, room_12, room_13, room_14,
          room_15, room_16, room_17, room_18, room_19, room_20, room_21,
          room_22, room_23, room_24, room_25, room_26, room_27]

Skill      XL: |  1 |
---------------+----+-----
Fighting       | 2 |  2.3
Spellcasting   | 4 |  4.3
Invocations    | 2 |  2.3
Evocations     | 2 |  2.3
Dodging        | |  2.1
Stealth        | |  1.5

Action                   || total
-------------------------++-------
Evoke: Wand              ||     1
  Use: Potion            ||     1

Table legend: (Time is in decaauts)
 A = Elapsed time spent in this place.
 B = Non-inter-level travel time spent in this place.
 C = Inter-level travel time spent in this place.
 D = Time resting spent in this place.
 E = Time spent auto-exploring this place.
 F = Levels seen in this place.
 G = Mean time per level.
                   A        B        C        D        E       F      G
               +--------+--------+--------+--------+--------+-----+--------+
         Total |     80 |     80 |      0 |      0 |      0 |   1 |   80.0 |
       Dungeon |     80 |     80 |      0 |      0 |      0 |   1 |   80.0 |
               +--------+--------+--------+--------+--------+-----+--------+

Top non-repeatable levels by time:
       D: 80 daAuts
